 Dungeon Crawl Stone Soup version 0.32-a0-779-g362cfcae2a (webtiles) character file.

Game seed: 6565780820182676258

20468 pokeman the Eclecticist (level 12, -9/74 HPs)
             Began as a Deep Elf Hedge Wizard on Mar 19, 2024.
             Was a Priest of Vehumet.
             Mangled by a fire elemental (12 damage)
             ... led by Azrael
             ... on level 13 of the Dungeon.
             The game lasted 00:34:21 (16403 turns).

pokeman the Eclecticist (Deep Elf Hedge Wizard)    Turns: 16403, Time: 00:34:22

Health: -9/74      AC:  6    Str:  7    XL:     12   Next: 45%
Magic:  27/35      EV: 13    Int: 25    God:    Vehumet [***...]
Gold:   721        SH:  0    Dex: 20    Spells: 31/45 levels left

rFire   . . .        N - +0 dagger (venom)
rCold   + . .        (no shield)
rNeg    . . .        m - +1 robe of Hoeradetu {rElec}
rPois   .            h - +1 hat
rElec   +            t - +0 cloak
rCorr   .            (no gloves)
SInv    .            w - +1 pair of boots
Will    +....        b - amulet of regeneration
Stlth   +            I - ring of protection from cold
HPRegen 1.12/turn    M - +6 ring of dexterity
MPRegen 0.24/turn

%: no passive effects
@: confused, spiked
A: horns 2, deformed body, robust 1
a: Renounce Religion


You were on level 13 of the Dungeon.
You worshipped Vehumet.
Vehumet was most pleased with you.
You visited 2 branches of the dungeon, and saw 14 of its levels.
You also visited: Sewer.

You collected 721 gold pieces.

Inventory:

Hand Weapons
 N - a +0 dagger of venom (weapon)
Missiles
 G - a curare-tipped dart
Armour
 h - a +1 hat (worn)
 m - the +1 robe of Hoeradetu (worn) {rElec}
   (You found it on level 2 of the Dungeon)

   rElec:     It insulates you from electricity.
 t - a +0 cloak (worn)
 w - a +1 pair of boots (worn)
Jewellery
 b - an amulet of regeneration (around neck)
 F - an amulet of guardian spirit
 I - a ring of protection from cold (left hand)
 M - a +6 ring of dexterity (right hand)
Wands
 a - a wand of acid (23)
 y - a wand of flame (39)
 E - a wand of paralysis (4)
Scrolls
 c - 4 scrolls of fog
 e - a scroll of enchant weapon {unknown}
 f - 4 scrolls of fear {unknown}
 g - 3 scrolls of enchant armour {unknown}
 j - a scroll of poison {unknown}
 k - 7 scrolls of identify
 l - 4 scrolls of teleportation {unknown}
 o - 3 scrolls of silence {unknown}
 x - 2 scrolls of blinking {unknown}
 C - 4 scrolls of amnesia {unknown}
 J - a scroll of torment {unknown}
 L - a scroll of vulnerability {unknown}
Potions
 d - 3 potions of magic
 i - 2 potions of heal wounds {unknown}
 n - a potion of experience {unknown}
 p - 2 potions of haste {unknown}
 q - 3 potions of mutation
 r - 2 potions of resistance {unknown}
 s - 3 potions of attraction {unknown}
 u - 2 potions of brilliance {unknown}
 z - a potion of might {unknown}
 A - a potion of enlightenment {unknown}
 B - 4 potions of curing {unknown}
 D - 2 potions of lignification {unknown}
 H - a potion of degeneration {unknown}
Miscellaneous
 K - a phantom mirror


   Skills:
 + Level 5.2 Fighting
 - Level 5.0 Armour
 - Level 3.3 Dodging
 - Level 3.0 Stealth
 * Level 17.3 Spellcasting
 + Level 10.2 Conjurations
 - Level 1.1 Summonings
 - Level 1.1 Translocations
 + Level 9.4 Ice Magic
 - Level 2.0 Air Magic
 - Level 3.0 Earth Magic
 - Level 2.1 Alchemy
 - Level 1.2 Evocations


You had 31 spell levels left.
You knew the following spells:

 Your Spells              Type           Power      Damage    Failure   Level
a - Magic Dart            Conj           100%       1d8       1%          1
b - Mephitic Cloud        Conj/Alch/Air  45%        N/A       1%          3
c - Call Imp              Summ           54%        N/A       2%          2
d - Blink                 Tloc           54%        N/A       2%          2
e - Stone Arrow           Conj/Erth      100%       3d13      1%          3
f - Hailstorm             Conj/Ice       63%        3d12      1%          3

Your spell library contained the following spells:

 Spells                   Type           Power      Damage    Failure   Level
 Scorch                   Fire           42%        2d6       1%          2
 Freeze                   Ice            100%       1d10      1%          1
 Sandblast                Erth           72%        2d16      1%          1
 Cigotuvi's Dreadful Rot  Necr/Alch/Air  56%        N/A       1%          2
 Momentum Strike          Conj/Tloc      100%       3d10      1%          2
 Static Discharge         Conj/Air       100%       3-8/arc   1%          2
 Dazzling Flash           Conj/Hex       94%        N/A       1%          3
 Frozen Ramparts          Ice            100%       1d16      1%          3
 Ozocubu's Armour         Ice            62%        N/A       1%          3
 Brom's Barrelling Bould  Conj/Erth      53%        2d7       1%          4
 Iskenderun's Mystic Bla  Conj/Tloc      50%        2d11      1%          4
 Arcjolt                  Conj/Air       25%        1d35      1%          5
 Slow                     Hex            84%        N/A       2%          1
 Lesser Beckoning         Tloc           54%        N/A       2%          2
 Airstrike                Air            15%        2d(3-19)  2%          4
 Metabolic Englaciation   Hex/Ice        22%        N/A       10%         5
 Summon Lightning Spire   Summ/Air       29%        N/A       12%         4
 Starburst                Conj/Fire      23%        6d8       12%         6
 Maxwell's Capacitive Co  Air            15%        ∞         100%        8


Dungeon Overview and Level Annotations

Branches:
Dungeon (13/15)            Temple (1/1) D:7            Lair (0/5) D:9
    Orc (0/2) D:10          Sewer (visited)
 Vaults: D:13-14

Altars:
Ashenzari
Cheibriados
Dithmenos
Elyvilon
Fedhas
Gozag
Hepliaklqana
Kikubaaqudgha
Makhleb
Nemelex Xobeh
Okawaru
Qazlal
Ru
Sif Muna
Trog
Uskayaw
Vehumet
Wu Jian
Xom
Yredelemnul
Zin
The Shining One

Shops:
D:4 :   D:8 ?

Annotations:
D:3 3 runed translucent doors, avangion's ghost, amateur OnWr
D:7 3 runed translucent doors, Fractals's ghost, novice OnBe; KSaturn's ghost, novice MiGl
D:11 1 runed translucent door, 0gre's ghost, journeyman GnIE
D:13 Azrael


Innate Abilities, Weirdness & Mutations

You have a pair of horns on your head.
Armour fits poorly on your strangely shaped body.
You are robust. (+10% HP)


Message History

Confirm with . or Enter, or press ? or * to list all spells.
Aiming: Mephitic Cloud (safe; 1% risk of failure)
Press: ? - help, Shift-Dir - straight line, f - manticore
Aim: a manticore (chance to affect: 58%)
The ball explodes into a vile cloud!
The stinking cloud engulfs the manticore.
The hell hound misses you.
The manticore is engulfed in noxious fumes.
The manticore appears confused.
Unknown command.
Casting: Mephitic Cloud (safe; 1% risk of failure)
Confirm with . or Enter, or press ? or * to list all spells.
Aiming: Mephitic Cloud (safe; 1% risk of failure)
Press: ? - help, Shift-Dir - straight line, f - hell hound, p - manticore
Aim: a hell hound (chance to affect: 77%)
The ball explodes into a vile cloud!
The stinking cloud engulfs the hell hound.
The stinking cloud engulfs you.
You are engulfed in noxious fumes.
You choke on the stench!
You are confused.
You hear a shout!
The hell hound is engulfed in noxious fumes.
The hell hound appears confused.
The hell hound closely misses you. The manticore bites you!
* * * LOW HITPOINT WARNING * * *
The manticore barely misses you. The manticore misses you.
Something bites the hell hound.
The hell hound is engulfed in noxious fumes.
Unknown command.
Okay, then.
Unknown command.
It was a potion of mutation.
You feel extremely strange. A pair of horns grows on your head!
Your body twists and deforms.
You feel robust. The horns on your head grow some more.
You are engulfed in noxious fumes.
The hell hound is engulfed in noxious fumes.
The hell hound appears confused.
A yaktaur captain comes into view.
The fire elemental hits you. The fire elemental burns you!
You die...

........##..............#.
........##..............#
......>.........#.......# ..○
...............##.......#####.°.
.............................○..
..................##..[.....○..°
...................☼c.....○○○○.
#.<..........§§§h.R#☼....○.○#
.........##.H#§H@○##...h○☼○.##..
......(...##.§.##E###^.°h.).....
.........c##..:..§###.☼.##......
.........c........☼○.E..........
.........#........####..........
.⌠#......#.......## .........#.
~.####........... .........##
....... ##.!.....## .......
......###


You could see Azrael, a yaktaur captain, a manticore (confused), a fire
elemental and a hell hound (confused).

Vanquished Creatures
  Snorg (D:12)
  A centaur warrior (D:13)
  A catoblepas (D:13)
  2 boulder beetles (D:12)
  2 two-headed ogres
  A deep elf pyromancer (D:12)
  An ugly thing (D:11)
  2 manticores
  4 cyclopes
  2 gargoyles (D:12)
  An unseen horror (D:12)
  2 komodo dragons
  A kobold demonologist (D:12)
  7 trolls
  A polar bear (shapeshifter) (D:12)
  10 slime creatures (D:12)
  3 shadows
  5 wyverns
  2 vampires
  A wraith (D:10)
  7 yaks
  6 vampire mosquitoes
  A basilisk (shapeshifter) (D:13)
  Menkaure (D:6)
  An acid dragon (D:11)
  3 water moccasins (D:9)
  Pargi (D:4)
  4 ice beasts
  3 orc warriors
  2 laughing skulls (D:13)
  An ogre (D:4)
  8 centaurs
  A phantom (D:5)
  2 kobold brigands
  2 bullfrogs
  A gnoll sergeant (D:9)
  2 scorpions
  7 wights (D:8)
  9 killer bees
  4 bombardier beetles
  4 hounds
  A jelly (D:5)
  4 orc priests
  A sleepcap (D:8)
  Natasha (thrice) (D:3)
  9 iguanas
  7 orc wizards
  8 gnolls
  15 adders
  3 river rats (Sewer)
  A shadow imp (D:8)
  A white imp (D:8)
  6 dart slugs
  4 ribbon worms
  22 orcs
  5 endoplasms
  7 giant cockroaches
  9 goblins
  8 hobgoblins
  4 jackals (D:4)
  23 kobolds
  2 quokkas
  5 ball pythons
  A bat (D:1)
  5 frilled lizards
  7 rats
  A butterfly (D:7)
282 creatures vanquished.

Vanquished Creatures (collateral kills)
  A killer bee (D:9)
1 creature vanquished.

Vanquished Creatures (others)
  A killer bee (D:11)
1 creature vanquished.

Grand Total: 284 creatures vanquished

Notes
Turn   | Place    | Note
-------+----------+-------------------------------------------
     0 | D:1      | pokeman the Deep Elf Hedge Wizard began the quest for the
                  | Orb.
     0 | D:1      | Reached XP level 1. HP: 10/10 MP: 7/7
   177 | D:1      | Reached XP level 2. HP: 15/15 MP: 6/9
   514 | D:1      | Reached skill level 5 in Spellcasting
   890 | D:2      | Reached XP level 3. HP: 20/20 MP: 9/11
   895 | D:2      | Learned a level 3 spell: Mephitic Cloud
   900 | D:2      | Learned a level 2 spell: Call Imp
   903 | D:2      | Learned a level 2 spell: Blink
   907 | D:2      | Learned a level 3 spell: Stone Arrow
  1162 | D:2      | Reached skill level 1 in Fighting
  1162 | D:2      | Reached skill level 1 in Armour
  1298 | D:2      | Identified the +1 robe of Hoeradetu {rElec}
  1455 | D:2      | Reached XP level 4. HP: 25/25 MP: 11/13
  1694 | D:3      | Noticed Natasha
  1719 | D:3      | Killed Natasha
  1720 | D:3      | Reached skill level 6 in Spellcasting
  1744 | D:3      | Found a glowing drain.
  1747 | Sewer    | Entered a sewer
  1752 | Sewer    | Reached XP level 5. HP: 29/29 MP: 4/15
  2282 | Sewer    | Reached skill level 1 in Earth Magic
  2779 | D:3      | Noticed Natasha
  2783 | D:3      | Killed Natasha
  3001 | D:3      | Found an ornate altar of the Wu Jian Council.
  3235 | D:3      | Found a runed translucent gate.
  3235 | D:3      | Found a runed translucent gate.
  3238 | D:3      | Noticed avangion's ghost (amateur OnWr)
  3259 | D:3      | Found a runed translucent gate.
  3304 | D:3      | Noticed Natasha
  3394 | D:3      | Killed Natasha
  3395 | D:3      | Reached XP level 6. HP: 31/34 MP: 9/17
  3747 | D:4      | Reached skill level 1 in Air Magic
  3754 | D:4      | Reached skill level 1 in Alchemy
  3936 | D:4      | Noticed Pargi
  3942 | D:4      | Killed Pargi
  3943 | D:4      | Reached skill level 7 in Spellcasting
  4284 | D:4      | Found Otyddak's Self-Improvement Boutique.
  4805 | D:4      | Reached XP level 7. HP: 21/38 MP: 5/20
  4958 | D:5      | Entered Level 5 of the Dungeon
  5032 | D:5      | Reached skill level 8 in Spellcasting
  5032 | D:5      | Reached skill level 1 in Evocations
  5036 | D:5      | Learned a level 3 spell: Hailstorm
  5401 | D:5      | Found a glowing silver altar of Zin.
  5424 | D:5      | Reached skill level 1 in Ice Magic
  5556 | D:5      | Reached XP level 8. HP: 43/43 MP: 12/22
  6222 | D:5      | Reached skill level 9 in Spellcasting
  6459 | D:6      | Found a snail-covered altar of Cheibriados.
  6953 | D:6      | Noticed Menkaure
  6956 | D:6      | Killed Menkaure
  6957 | D:6      | Reached skill level 5 in Conjurations
  7114 | D:6      | Reached skill level 10 in Spellcasting
  7208 | D:6      | Noticed a two-headed ogre
  7214 | D:6      | Killed a two-headed ogre
  7215 | D:6      | Reached XP level 9. HP: 48/48 MP: 12/25
  7605 | D:6      | Reached skill level 11 in Spellcasting
  7968 | D:7      | Found a runed translucent gate.
  7968 | D:7      | Found a runed translucent gate.
  7968 | D:7      | Found a runed translucent gate.
  7968 | D:7      | Noticed Fractals's ghost (novice OnBe)
  7971 | D:7      | Noticed KSaturn's ghost (novice MiGl)
  8034 | D:7      | Noticed a troll
  8063 | D:7      | Killed a troll
  8218 | D:7      | Found a staircase to the Ecumenical Temple.
  8224 | Temple   | Entered the Ecumenical Temple
  8232 | Temple   | Became a worshipper of Vehumet
  8298 | D:7      | Found a bloodstained altar of Trog.
  8361 | D:7      | Found a glowing golden altar of the Shining One.
  8619 | D:7      | Reached skill level 5 in Ice Magic
  8667 | D:7      | Found a shimmering altar of Xom.
  8737 | D:7      | Found a broken altar of Ashenzari.
  8917 | D:8      | Reached skill level 12 in Spellcasting
  9497 | D:8      | Found Juguajas's Magic Scroll Emporium.
  9546 | D:8      | Found a hide-covered altar of Uskayaw.
  9626 | D:8      | Found a shimmering blue altar of Sif Muna.
  9669 | D:8      | Reached XP level 10. HP: 53/53 MP: 18/28
  9741 | D:8      | Found an iron altar of Okawaru.
 10387 | D:9      | Found a staircase to the Lair.
 10413 | D:9      | Reached skill level 13 in Spellcasting
 10585 | D:9      | Reached * piety under Vehumet
 10585 | D:9      | Offered knowledge of Shock by Vehumet.
 11018 | D:9      | Found a blossoming altar of Fedhas.
 11234 | D:9      | Found a sparkling altar of Nemelex Xobeh.
 11526 | D:10     | Entered Level 10 of the Dungeon
 11565 | D:10     | Found a basalt altar of Yredelemnul.
 11675 | D:10     | Reached skill level 14 in Spellcasting
 11838 | D:10     | Found a staircase to the Orcish Mines.
 11940 | D:10     | Reached skill level 5 in Armour
 12214 | D:11     | Reached XP level 11. HP: 20/58 MP: 3/31
 12798 | D:11     | Found a runed translucent door.
 12801 | D:11     | Noticed 0gre's ghost (journeyman GnIE)
 12829 | D:11     | Noticed a white ugly thing
 12834 | D:11     | Killed a white ugly thing
 12952 | D:11     | Noticed a two-headed ogre
 12957 | D:11     | Killed a two-headed ogre
 13090 | D:11     | Reached skill level 15 in Spellcasting
 13162 | D:11     | Reached ** piety under Vehumet
 13162 | D:11     | Offered knowledge of Sting by Vehumet.
 13792 | D:12     | Noticed a deep elf pyromancer
 13812 | D:12     | Killed a deep elf pyromancer
 14097 | D:12     | Noticed a sun demon
 14250 | D:12     | Noticed a boulder beetle
 14258 | D:12     | Killed a boulder beetle
 14259 | D:12     | Reached skill level 16 in Spellcasting
 14450 | D:12     | Got Akliogo's Volume of Manifold Vapour
 14936 | D:12     | Noticed Snorg
 14947 | D:12     | Killed Snorg
 14948 | D:12     | Reached XP level 12. HP: 67/67 MP: 22/34
 15044 | D:12     | Noticed a boulder beetle
 15057 | D:12     | Killed a boulder beetle
 15651 | D:13     | Noticed a centaur warrior
 15831 | D:12     | Reached skill level 10 in Conjurations
 15832 | D:12     | Offered knowledge of Scorch by Vehumet.
 16050 | D:13     | Noticed a catoblepas
 16064 | D:13     | Killed a centaur warrior
 16065 | D:13     | Reached skill level 5 in Fighting
 16065 | D:13     | Reached skill level 17 in Spellcasting
 16074 | D:13     | Killed a catoblepas
 16074 | D:13     | Reached *** piety under Vehumet
 16387 | D:13     | Noticed Azrael
 16402 | D:13     | HP: 2/68 [manticore (10)]
 16403 | D:13     | Gained mutation: You have a pair of small horns on your
                  | head. [potion of mutation]
 16403 | D:13     | Gained mutation: Armour fits poorly on your strangely
                  | shaped body. [potion of mutation]
 16403 | D:13     | Gained mutation: You are robust. (+10% HP) [potion of
                  | mutation]
 16403 | D:13     | Gained mutation: You have a pair of horns on your head.
                  | [potion of mutation]
 16403 | D:13     | Noticed a yaktaur captain
 16403 | D:13     | Mangled by a fire elemental

Illustrated notes

Levels and vault maps discovered:
D:1:      nzn_arrival_settlement, layout_rooms
D:2:      layout_rooms
D:3:      layout_basic, nzn_wu_jian_council_hall,
          mainiacjoe_sewer_entry_somewhere_in_here_1,
          gammafunk_ghost_nasty_kobolds, nicolae_twisty_statue_hallways,
          uniq_natasha
D:4:      layout_basic, dk_noncrumbling_4, nicolae_shop_self_help, uniq_pargi
D:5:      layout_gridville, mainiacjoe_overflow_brackets
D:6:      layout_basic, cheibrodos_worm_habitat, serial_corexii_hall,
          corexii_hall_statues_x, corexii_hall_statues_i, uniq_menkaure
D:7:      layout_basic, xom_butterflies, mainiacjoe_overflow_boulevard,
          general_overflow_altar, mainiacjoe_overflow_cross_hatched,
          minmay_temple_entry_ruins, gammafunk_ghost_cemetery
D:8:      layout_layer_cave, mainiacjoe_overflow_paths,
          mainiacjoe_overflow_alcove_2, nicolae_sif_muna_condensation,
          serial_shops, shop
D:9:      layout_loops_cross, nemelex_diamond_rough_becter, lemuel_doored_altar,
          minmay_lair_entry_grove, hangedman_decor_diamond_cutter
D:10:     layout_rooms, nicolae_overflow_hidden_temple, orc_0_dummy
D:11:     layout_roguey, hellmonk_ghost_happy_afterlife
D:12:     layout_loops_ring, minmay_misc_feat_enclosed,
          kennysheep_generic_room_4, uniq_snorg
D:13:     layout_cave_pools, david_vaults_2, ice2_lemuel, uniq_azrael
Temple:   nicolae_temple_cloud_nine

Skill      XL: |  1  2  3  4  5  6  7  8  9 10 11 12 |
---------------+-------------------------------------+-----
Spellcasting   | 5 6 7 8 10 12 14 16 17 | 17.3
Fighting       | 1 2 4 5 |  5.2
Armour         | 1 2 3 5 |  5.0
Conjurations   | 2 3 4 5 6 8 9 10 | 10.2
Stealth        | 3 |  3.0
Dodging        | 3 |  3.3
Earth Magic    | 1 2 3 |  3.0
Air Magic      | 1 2 |  2.0
Alchemy        | 1 2 |  2.1
Evocations     | 1 |  1.2
Ice Magic      | 1 4 5 7 8 9 |  9.4
Summonings     | |  1.1
Translocations | |  1.1

Action                     |  1- 3 |  4- 6 |  7- 9 | 10-12 || total
---------------------------+-------+-------+-------+-------++-------
  Melee: Dagger            |       |    61 |       |     2 ||    63
         Flail             |       |       |    22 |    28 ||    50
   Cast: Magic Dart        |    91 |   151 |    27 |    18 ||   287
         Mephitic Cloud    |       |     9 |     4 |    26 ||    39
         Stone Arrow       |       |    15 |   124 |   246 ||   385
         Call Imp          |       |     1 |       |     2 ||     3
         Hailstorm         |       |       |     3 |       ||     3
         Blink             |       |       |       |     3 ||     3
  Evoke: Wand              |       |       |       |     5 ||     5
    Use: Scroll            |       |       |       |     1 ||     1
         Potion            |       |       |       |     1 ||     1
   Stab: Confused          |       |     5 |       |     4 ||     9
         Distracted        |       |     1 |       |       ||     1
         Sleeping          |       |       |     1 |       ||     1
 Armour: Robe              |     3 |    53 |    40 |    85 ||   181
  Dodge: Dodged            |     7 |    58 |    33 |    62 ||   160

Table legend: (Time is in decaauts)
 A = Elapsed time spent in this place.
 B = Non-inter-level travel time spent in this place.
 C = Inter-level travel time spent in this place.
 D = Time resting spent in this place.
 E = Time spent auto-exploring this place.
 F = Levels seen in this place.
 G = Mean time per level.
                   A        B        C        D        E       F      G
               +--------+--------+--------+--------+--------+-----+--------+
         Total |  16510 |  16174 |    336 |    693 |  13498 |  15 | 1100.7 |
       Dungeon |  15709 |  15379 |    330 |    693 |  12868 |  13 | 1208.4 |
        Temple |     15 |      9 |      6 |      0 |      0 |   1 |   15.0 |
         Sewer |    785 |    785 |      0 |      0 |    630 |   1 |  785.0 |
               +--------+--------+--------+--------+--------+-----+--------+

Top non-repeatable levels by time:
    D:12: 2477 daAuts
     D:8: 1630 daAuts
     D:6: 1528 daAuts
     D:5: 1418 daAuts
    D:11: 1412 daAuts
     D:4: 1397 daAuts
     D:3: 1365 daAuts
     D:9: 1050 daAuts
     D:7: 946 daAuts
   Sewer: 785 daAuts
     D:2: 752 daAuts
     D:1: 736 daAuts
    D:10: 694 daAuts
    D:13: 300 daAuts
  Temple: 15 daAuts
